Map: Dead of Night

Players

IjonTichyLEM

  • Race: Protoss Protoss
  • Spawn Location: 0:00

NamroodTuo

  • Race: Terran Terran

VOD

Have the link to the VOD?

Description

Time

  • Played on: June 6, 2023, 12:41 p.m.
  • Length: 32:45
Show
View Real Time Build Order
Export as new Build Order

IjonTichyLEM Protoss 

Build Orders:  

Get SALT Encoding   

  12  0:14  Assimilator  
  12  0:41  Assimilator  
  12  0:49  Assimilator  
  12  1:12  Probe (Chrono Boost)  
  13  1:22  Probe (Chrono Boost)  
  14  1:32  Probe (Chrono Boost)  
  15  1:47  Pylon  
  15  1:48  Probe (Chrono Boost)  
  16  1:58  Probe (Chrono Boost)  
  17  2:08  Probe (Chrono Boost)  
  18  2:21  Probe (Chrono Boost)  
  19  2:31  Probe (Chrono Boost)  
  20  2:41  Probe (Chrono Boost)  
  20  2:49  Gateway  
  21  3:31  Pylon  
  21  3:36  Pylon  
  21  3:42  Probe (Chrono Boost)  
  22  3:52  Probe (Chrono Boost)  
  23  4:00  Cybernetics Core  
  23  4:04  Probe (Chrono Boost)  
  24  4:55  Stargate  
  24  4:56  Stargate  
  24  5:43  Pylon  
  24  6:07  Pylon  
  24  6:15  Pylon  
  24  6:19  Pylon  
  24  6:30  Protoss Air Weapons Level 1  
  24  6:46  Carrier x2  
  24  7:02  Advanced Repair Systems  
  24  7:04  Fleet Beacon  
  24  7:20  Solar Efficiency Level 1  
  24  7:57  Probe (Chrono Boost)  
  25  8:07  Probe (Chrono Boost)  
  26  8:17  Probe (Chrono Boost)  
  26  8:19  Probe (Chrono Boost)  
  39  8:20  Protoss Air Weapons Level 2  
  39  8:21  Probe (Chrono Boost)  
  41  8:32  Unknown  
  41  8:40  Nexus  
  41  8:44  Unknown  
  41  9:58  Carrier x2  
  41  10:19  Repair Drones  
  41  10:47  Carrier x2  
  53  11:01  Carrier x2  
  65  12:10  Carrier x2  
  77  12:57  Pylon  
  77  13:03  Pylon  
  77  13:05  Pylon  
  89  13:12  Forge  
  89  13:20  Twilight Council  
  89  13:21  Carrier x2  
  89  13:55  Pylon  
  89  13:56  Pylon  
  89  13:58  Pylon  
  89  14:04  Pylon  
  89  14:06  Pylon  
  89  14:08  Pylon  
  89  14:10  Pylon  
  101  14:20  Pylon x2  
  101  14:27  Pylon  
  101  14:31  Carrier x2  
  101  14:41  Pylon  
  101  14:44  Pylon  
  111  15:55  Protoss Air Weapons Level 3  
  111  16:03  Carrier x2  
  111  16:09  Protoss Shields Level 1  
  111  16:37  Carrier  
  111  16:38  Carrier  
  123  17:48  Carrier x2  
  147  19:14  Protoss Air Armor Level 1, Carrier x2  
  159  21:20  Carrier x2  
  159  21:47  Carrier x2  
  148  22:47  Probe (Chrono Boost)  
  162  23:01  Probe (Chrono Boost)  
  162  23:09  Protoss Air Armor Level 2  
  162  23:18  Protoss Shields Level 2  
  175  24:01  Probe (Chrono Boost)  
  175  24:16  Probe (Chrono Boost)  
  176  24:26  Carrier  
  176  24:27  Carrier  
  176  24:44  Protoss Shields Level 3  
  188  25:32  Carrier  
  188  25:33  Carrier  
  195  27:21  Probe (Chrono Boost)  
  195  27:24  Probe (Chrono Boost)  
  195  27:27  Probe (Chrono Boost)  
  193  27:30  Probe (Chrono Boost)  
  193  27:33  Probe (Chrono Boost)  
  194  28:42  Pylon  
  194  28:48  Probe (Chrono Boost)  
  196  29:02  Probe (Chrono Boost)  
  196  29:03  Phase Detonation  
  197  29:13  Probe (Chrono Boost)  
  197  29:17  Probe (Chrono Boost)  
  198  30:18  Pylon  
  198  31:08  Pylon  
  198  31:14  Probe (Chrono Boost)  
  199  31:29  Probe (Chrono Boost)  
Show
View Real Time Build Order
Export as new Build Order

NamroodTuo Terran 

Build Orders:  

Get SALT Encoding   

  12  0:00  SCV  
  13  0:15  SCV  
  14  0:30  SCV  
  15  0:45  SCV, Engineering Bay  
  16  0:58  Refinery  
  16  0:59  SCV  
  17  1:14  SCV, Refinery  
  18  1:28  Refinery  
  18  1:29  SCV  
  19  1:44  Engineering Bay, SCV  
  20  2:10  SCV  
  20  2:13  Outlaw Weapons Level 1  
  21  2:25  SCV  
  22  2:30  Outlaw Life and Armor Level 1  
  22  2:40  SCV  
  23  2:55  SCV  
  24  3:01  Tychus  
  24  3:09  SCV  
  24  3:18  Auto-Turret  
  25  3:24  SCV  
  26  3:39  SCV  
  27  3:52  Auto-Turret  
  27  3:54  SCV  
  28  4:09  Gunslingers Hideout  
  28  4:17  SCV  
  28  4:18  Outlaw Weapons Level 2  
  29  4:28  Outlaw Life and Armor Level 2  
  29  4:32  Medivac Platform  
  29  5:16  SCV  
  30  5:33  Fixers Safehouse  
  30  5:37  SCV  
  31  5:52  SCV  
  32  6:06  Outlaw Life and Armor Level 3  
  32  6:08  James Sirius Sykes  
  42  6:16  Outlaw Weapons Level 3  
  42  6:27  ITC-E Triggers  
  42  6:54  Auto-Turret  
  42  6:58  Auto-Turret  
  42  8:16  SCV  
  42  8:19  SCV  
  42  8:22  SCV  
  42  8:25  SCV  
  42  8:28  SCV  
  42  8:30  Auto-Turret  
  47  8:54  Outlaw Weapons Level 4  
  47  8:58  Auto-Turret  
  47  9:03  SCV  
  48  9:14  Muscle Armory  
  48  9:18  SCV  
  49  9:32  SCV  
  50  9:47  SCV  
  51  10:02  SCV  
  52  10:25  Vega  
  62  10:33  SCV  
  63  10:47  Auto-Turret  
  63  10:48  SCV  
  64  11:02  SCV  
  65  11:13  Auto-Turret  
  65  11:17  SCV  
  66  11:33  Auto-Turret  
  66  11:36  Auto-Turret  
  66  11:41  Auto-Turret  
  66  11:49  Outlaw Life and Armor Level 4  
  66  12:00  Outlaw Weapons Level 5  
  66  12:07  Auto-Turret  
  66  12:12  Auto-Turret  
  66  12:16  Auto-Turret  
  66  13:41  Auto-Turret  
  66  13:50  Auto-Turret  
  66  13:57  Auto-Turret  
  66  14:08  Auto-Turret  
  66  14:18  Auto-Turret x2  
  66  14:29  Auto-Turret  
  65  14:37  Auto-Turret  
  65  15:05  Auto-Turret  
  65  15:12  Crooked Sam  
  75  16:08  Rob Cannonball Boswell  
  75  20:02  Outlaw Life and Armor Level 5  
  85  20:22  Auto-Turret  
  85  20:28  Auto-Turret  
  85  20:44  Auto-Turret  
  85  21:05  Flashforce GDM Visor  
  85  21:11  Auto-Turret  
  85  21:20  Kel-Morian Ripper Rounds, Vanadium Shell  
  85  21:21  KD9a Implosion Core  
  85  21:22  SA-55 Thunderbolt Missiles  
  85  21:41  Auto-Turret  
  85  21:49  Endurance Supplements  
  85  23:09  Medivac Platform  
  85  23:11  Moebius Psionic Motivator  
  85  23:12  Neural Disruption Device, Psi Projector  
  85  27:38  Auto-Turret  
  85  28:04  Auto-Turret  
  85  28:32  Auto-Turret  
  82  30:01  D99 Detonator, Moebius M34 Terror Rounds  
Tags
 
Commander
KaraxTychus
Matchup
Co-op
Replay Pack
Multiplayer
Add a new tag
Caveats
  • Supply blocks, unpowered buildings, or Contaminate may cause inaccurate times.
  • Supply counts are checked every 10 seconds.